 Dungeon Crawl Stone Soup version 0.24.0-123-gd5b16e6ec5 (webtiles) character file.

Game seed: 334253923041096702, levelgen mode: deterministic

21060 Johnny the Geomancer (level 12, -6/81 HPs)
             Began as a Demigod Earth Elementalist on Feb 1, 2020.
             Mangled by a phantom (8 damage)
             ... on level 13 of the Dungeon.
             The game lasted 00:19:29 (13100 turns).

Johnny the Geomancer (Demigod Earth Elementalist)  Turns: 13100, Time: 00:19:30

Health: -6/81      AC:  9    Str: 11    XL:     12   Next: 21%
Magic:  50/57      EV: 12    Int: 27    God:
Gold:   1220       SH:  0    Dex: 16    Spells: 22/35 levels left

rFire    + . .     SeeInvis .   G - staff of power
rCold    + . .     Gourm    .   (no shield)
rNeg     . . .     Faith    .   K - +2 robe {rC+ rF+}
rPois    +         Spirit   .   (no helmet)
rElec    .         Reflect  .   n - +0 cloak
rCorr    .         Harm     .   S - +1 pair of gloves
MR       +....                  q - +1 pair of boots
Stlth    ++........             j - amulet of magic regeneration
HPRegen  0.23/turn              I - ring of magical power
MPRegen  0.60/turn              C - ring of poison resistance

@: no status effects
A: high mp 1
a: no special abilities


You were on level 13 of the Dungeon.
You were hungry.

You visited 1 branch of the dungeon, and saw 14 of its levels.
You also visited: Bailey.

You collected 1596 gold pieces.
You spent 376 gold pieces at shops.

Inventory:

Hand Weapons
 A - a +3 dagger of electrocution
Missiles
 b - 131 stones (quivered)
Armour
 n - a +0 cloak (worn)
 q - a +1 pair of boots (worn)
 K - a +2 robe of resistance (worn)
 S - a +1 pair of gloves (worn)
Magical Staves
 G - an uncursed staff of power (weapon)
Jewellery
 j - an amulet of magic regeneration (around neck)
 B - an uncursed ring of protection from magic
 C - a ring of poison resistance (right hand)
 I - a ring of magical power (left hand)
Wands
 c - a wand of flame (57)
 p - a wand of acid (6)
 v - a wand of paralysis (21)
 H - a wand of random effects (18)
 M - a wand of enslavement (6)
Scrolls
 a - 4 scrolls of fog
 e - a scroll of fear {unknown}
 k - 4 scrolls of remove curse
 o - a scroll of silence {unknown}
 s - a scroll of torment {unknown}
 t - 2 scrolls of immolation
 w - 5 scrolls of magic mapping
 E - 3 scrolls of blinking
 J - 3 scrolls of enchant armour
 Q - a scroll of summoning
Potions
 f - a potion of resistance
 g - 5 potions of curing
 h - 6 potions of brilliance
 i - 3 potions of haste
 l - 3 potions of degeneration
 m - 3 potions of lignification {unknown}
 r - a potion of invisibility {unknown}
 u - 2 potions of agility {unknown}
 z - 2 potions of mutation {unknown}
 D - 5 potions of flight
 F - 2 potions of magic {unknown}
 L - a potion of ambrosia {unknown}
 T - a potion of might
Miscellaneous
 N - a box of beasts
 P - a lamp of fire
Comestibles
 d - 12 rations


   Skills:
 - Level 1.7 Dodging
 - Level 1.7 Stealth
 + Level 12.4 Spellcasting
 - Level 0.8 Transmutations
 + Level 13.5 Earth Magic


You had 22 spell levels left.
You knew the following spells:

 Your Spells              Type           Power        Failure   Level  Hunger
a - Sandblast             Erth           ######       0%          1    None
b - Stone Arrow           Conj/Erth      ######       1%          3    None
c - Lee's Rapid Deconstr  Erth           ######....   1%          5    ###....
d - Petrify               Tmut/Erth      ######..     1%          4    None

Your spell library contained the following spells:

 Spells                   Type           Power        Failure   Level  Hunger
 Passwall                 Tmut/Erth      ######..     1%          2    None
 Animate Skeleton         Necr           N/A          3%          1    None
 Confusing Touch          Hex            ###...       3%          1    None
 Corona                   Hex            ###....      3%          1    None
 Freeze                   Ice            ###.         3%          1    None
 Pain                     Necr           ###.         3%          1    None
 Ensorcelled Hibernation  Hex/Ice        ###...       4%          2    None
 Throw Frost              Conj/Ice       ###...       4%          2    None
 Confuse                  Hex            ###.....     10%         3    None
 Dazzling Spray           Conj/Hex       ###...       10%         3    None
 Gell's Gravitas          Tloc           ###.......   10%         3    None
 Ozocubu's Armour         Chrm/Ice       ###.....     10%         3    None
 Regeneration             Chrm/Necr      ###.......   10%         3    None
 Tukima's Dance           Hex            ###.....     10%         3    None
 Vampiric Draining        Necr           ###.......   10%         3    None
 Animate Dead             Necr           N/A          32%         4    None
 Summon Ice Beast         Ice/Summ       ###.....     32%         4    None
 Throw Icicle             Conj/Ice       ###.....     32%         4    None
 Yara's Violent Unravell  Hex/Tmut       ###.......   61%         5    ###....
 Metabolic Englaciation   Hex/Ice        ###.......   67%         5    ###....


Dungeon Overview and Level Annotations

Branches:
Dungeon (14/15)            Temple (0/1) D:7            Lair (0/6) D:10
 Bailey (visited)
    Orc: D:9-12      Vaults: D:13-14

Shops:
D:2 *   D:6 *   D:8 =   D:10 =

Annotations:
D:13 Frances


Innate Abilities, Weirdness & Mutations

You have an increased reservoir of magic. (+10% MP)


Message History

Aiming: Stone Arrow (safe; 1% risk of failure)
Press: ? - help, Shift-Dir - straight line, f - phantom
Aim: a phantom The stone arrow hits the phantom!!
The phantom is heavily damaged.
The phantom hits you but does no damage.
Casting: Stone Arrow (safe; 1% risk of failure)
Confirm with . or Enter, or press ? or * to list all spells.
Aiming: Stone Arrow (safe; 1% risk of failure)
Press: ? - help, Shift-Dir - straight line, f/p - phantom
Aim: a phantom (heavily damaged)
The stone arrow misses the phantom.
The phantom hits you.
* * * LOW HITPOINT WARNING * * *
Casting: Stone Arrow (safe; 1% risk of failure)
Confirm with . or Enter, or press ? or * to list all spells.
Aiming: Stone Arrow (safe; 1% risk of failure)
Press: ? - help, Shift-Dir - straight line, f/p - phantom
Aim: a phantom (heavily damaged)
The stone arrow misses the phantom.
The phantom hits you!
You die...

#.........(..
#####################...(......##
...............................#
...............................#
###..####..####................#
#..# #..# #.......(........# #..#
#..# #................## #..#
#..# #.W.(..............
###..####..####.@..^.............
...............................##
..........[..[.................#
##..#####..####..####..........#
#..# #..# #..# #..........# #..#
#..# #..# #..........# #..# #..#
#..# #..........# #..# #..# #..#
#..........# #..# #..# #..#
#..........#


You could see a phantom.

Vanquished Creatures
  Nessos (D:13)
  Snorg (D:13)
  Josephine (D:13)
  A two-headed ogre (D:13)
  A fire crab (D:13)
  An unseen horror (D:13)
  Pikel (D:9)
  3 orc knights (Bailey)
  3 ugly things
  2 cyclopes (D:13)
  A manticore (D:11)
  Maurice (D:11)
  Psyche (D:9)
  Joseph (D:10)
  A gargoyle (D:13)
  2 komodo dragons
  3 trolls
  Prince Ribbit (D:9)
  5 slime creatures (D:13)
  3 hippogriffs
  Sigmund (D:2)
  A shadow (D:11)
  5 wraiths (D:13)
  12 yaks
  2 hungry ghosts
  3 sky beasts
  A slave (D:9)
  2 ice beasts
  8 orc warriors
  7 ogres
  3 phantoms
  4 centaurs
  3 necrophages
  A crocodile (D:9)
  A big kobold (D:7)
  4 bullfrogs
  3 scorpions
  9 wights (D:10)
  7 killer bees
  3 howler monkeys (D:9)
  A centaur zombie (D:7)
  6 crimson imps
  2 bullfrog zombies
  A quasit (D:7)
  6 hounds
  3 jellies
  Crazy Yiuf (D:2)
  9 orc priests
  7 bullfrog skeletons
  2 centaur skeletons
  Natasha (twice) (D:2)
  An iguana (D:11)
  10 orc wizards
  3 worker ants
  An ogre zombie (D:12)
  A hound skeleton (D:10)
  3 worker ant zombies
  5 gnolls
  11 adders
  5 shadow imps
  2 oozes (D:1)
  An adder skeleton (D:4)
  2 worms
  2 dart slugs (D:2)
  4 leopard geckos
  58 orcs
  5 giant cockroaches
  22 goblins
  7 hobgoblins
  30 jackals
  10 quokkas
  2 ball pythons
  13 bats
  A frilled lizard (D:2)
  A hobgoblin zombie (D:12)
  A jackal skeleton (D:5)
  24 kobolds
  2 orc skeletons (D:12)
  2 orc zombies (D:12)
  A quokka skeleton (D:5)
  8 rats
392 creatures vanquished.

Vanquished Creatures (collateral kills)
  A kobold (Bailey)
1 creature vanquished.

Vanquished Creatures (others)
  A slave (D:9)
1 creature vanquished.

Grand Total: 394 creatures vanquished

Notes
Turn   | Place    | Note
-------+----------+-------------------------------------------
     0 | D:1      | Johnny the Demigod Earth Elementalist began the quest for
                  | the Orb.
     0 | D:1      | Reached XP level 1. HP: 14/14 MP: 5/5
   137 | D:1      | Reached skill level 3 in Earth Magic
   137 | D:1      | Reached XP level 2. HP: 20/20 MP: 4/7
   718 | D:2      | Reached XP level 3. HP: 8/26 MP: 3/9
  1121 | D:2      | Found a runed translucent door.
  1122 | D:2      | Noticed Crazy Yiuf
  1190 | D:2      | Found a blossoming altar of Fedhas.
  1194 | D:2      | Found a stormy altar of Qazlal.
  1197 | D:2      | Found a snail-covered altar of Cheibriados.
  1300 | D:2      | Found a faded altar of an unknown god.
  1577 | D:2      | Noticed Sigmund
  1653 | D:2      | Killed Sigmund
  1653 | D:2      | Reached skill level 4 in Earth Magic
  1653 | D:2      | Reached XP level 4. HP: 32/33 MP: 6/12
  1653 | D:2      | Reached XP level 5. HP: 37/38 MP: 6/13
  1657 | D:2      | Noticed Natasha
  1664 | D:2      | Killed Natasha
  2006 | D:2      | Found an opulent altar of Gozag.
  2007 | D:2      | Noticed Natasha
  2015 | D:2      | Killed Natasha
  2029 | D:2      | Found Gozag's Platinum Reserve.
  2116 | D:2      | Killed Crazy Yiuf
  2116 | D:2      | Reached XP level 6. HP: 45/45 MP: 12/15
  2239 | D:3      | Found a burning altar of Makhleb.
  2241 | D:3      | Found a shattered altar of Ashenzari.
  2321 | D:3      | Found a bloodstained altar of Trog.
  2412 | D:3      | Learned a level 3 spell: Stone Arrow
  2653 | D:3      | Reached skill level 5 in Earth Magic
  3127 | D:4      | Found an ornate altar of the Wu Jian Council.
  3227 | D:4      | Reached skill level 5 in Spellcasting
  3227 | D:4      | Reached XP level 7. HP: 33/50 MP: 7/18
  3262 | D:4      | Reached skill level 6 in Earth Magic
  3441 | D:5      | Entered Level 5 of the Dungeon
  3521 | D:5      | Got a jewelled leather armour
  3532 | D:5      | Identified the +1 leather armour of Inquiry {*Drain MR+
                  | Dex-3 Slay+5} (You found it on level 5 of the Dungeon)
  4002 | D:5      | Reached XP level 8. HP: 42/57 MP: 1/20
  4018 | D:5      | Reached skill level 7 in Earth Magic
  4733 | D:6      | Found Naur's General Store.
  4755 | D:6      | Bought a scroll of blinking for 97 gold pieces
  4755 | D:6      | Bought a scroll of teleportation for 39 gold pieces
  4886 | D:6      | Reached skill level 8 in Earth Magic
  5065 | D:7      | Learned a level 5 spell: Lee's Rapid Deconstruction
  5070 | D:7      | Learned a level 4 spell: Petrify
  5148 | D:7      | Reached XP level 9. HP: 54/62 MP: 2/24
  5442 | D:7      | Found a staircase to the Ecumenical Temple.
  5778 | D:8      | Reached skill level 9 in Earth Magic
  5825 | D:8      | Found Entedwes's Jewellery Emporium.
  6164 | D:8      | Found a blossoming altar of Fedhas.
  6392 | D:8      | Found a shattered altar of Ashenzari.
  6909 | D:9      | Noticed Psyche
  6912 | D:9      | Killed Psyche
  7050 | D:9      | Reached skill level 10 in Earth Magic
  7081 | D:9      | Noticed Pikel
  7085 | D:9      | Killed Pikel
  7085 | D:9      | Reached XP level 10. HP: 45/69 MP: 7/27
  7091 | D:9      | Noticed Prince Ribbit
  7097 | D:9      | Killed Prince Ribbit
  7564 | D:10     | Entered Level 10 of the Dungeon
  7652 | D:10     | Noticed Joseph
  7658 | D:10     | Killed Joseph
  7878 | D:10     | Reached skill level 10 in Spellcasting
  7884 | D:10     | Reached skill level 11 in Earth Magic
  8195 | D:10     | Found a glowing silver altar of Zin.
  8403 | D:10     | Found a staircase to the Lair.
  8857 | D:10     | Found Tycielli's Jewellery Shoppe.
  9104 | D:8      | Bought an uncursed ring of magical power for 240 gold
                  | pieces
  9223 | D:11     | Noticed Maurice
  9228 | D:11     | Killed Maurice
  9228 | D:11     | Reached XP level 11. HP: 74/74 MP: 30/30
  9616 | D:11     | Found a flagged portal.
  9621 | Bailey   | Entered a bailey
  9764 | Bailey   | Noticed an orc knight
  9766 | Bailey   | Noticed an orc knight
  9779 | Bailey   | Reached skill level 12 in Earth Magic
  9856 | Bailey   | Noticed an orc knight
  9857 | Bailey   | Killed an orc knight
  9873 | Bailey   | Killed an orc knight
  9888 | Bailey   | Killed an orc knight
 10972 | D:12     | Noticed a two-headed ogre
 10980 | D:12     | You fall into a shaft and drop 1 floor!
 10981 | D:13     | Noticed Josephine
 11040 | D:13     | Noticed a fire crab
 11316 | D:13     | Killed a fire crab
 11575 | D:13     | Noticed a two-headed ogre
 11583 | D:13     | Killed a two-headed ogre
 11670 | D:13     | Noticed Snorg
 11686 | D:13     | Killed Snorg
 12054 | D:13     | Reached skill level 13 in Earth Magic
 12169 | D:13     | Reached XP level 12. HP: 72/81 MP: 8/32
 12335 | D:13     | Killed Josephine
 12341 | D:13     | Noticed Frances
 12704 | D:13     | Noticed Nessos
 12713 | D:13     | Killed Nessos
 13099 | D:13     | HP: 2/81 [phantom (5)]
 13100 | D:13     | Mangled by a phantom

Levels and vault maps discovered:
D:1:      shiori_arrival_oz, layout_basic, minmay_pentomino_s2
D:2:      layout_loops_ring, nicolae_gozag_zags_fifth_avenue,
          minmay_overflow_temple_star_quad, chequers_ecumenical_altar_lobes,
          minivault_5, uniq_sigmund, uniq_natasha, uniq_crazy_yiuf_cottage
D:3:      layout_basic, bloody_makhleb, grunt_temple_overflow_open,
          serial_glass, glass_columns_a, glass_columns_b, first_ration
D:4:      layout_rooms, nicolae_overflow_crystal_walls, minmay_ogre_servants
D:5:      layout_loops_corners
D:6:      layout_cave_pools, serial_shops, shop
D:7:      layout_gridville, minmay_temple_entry_wispy, roderic_batcave,
          chequers_serial_rivers_micro_b
D:8:      layout_basic, serial_shops, shop, basic_altar, fedhas_ov_isle_minmay
D:9:      layout_loops_cross, uniq_psyche, uniq_pikel, uniq_prince_ribbit1
D:10:     layout_basic, lair_entry_dummy, serial_shops, shop_fountains,
          basic_altar, uniq_joseph
D:11:     layout_basic, enter_bailey_3, grunt_pizzeria, uniq_maurice
D:12:     layout_gridville, zombieorc2_lemuel
D:13:     layout_small_grid, mikee_hates_you, uniq_snorg, uniq_josephine,
          uniq_nessos, uniq_frances
D:14:     layout_basic, david_vaults_1, minmay_tree_intersection

Skill      XL: |  1  2  3  4  5  6  7  8  9 10 11 |
---------------+----------------------------------+-----
Spellcasting   | 2 3 4 5 6 7 9 10 12 | 12.4
Earth Magic    | 3 4 5 6 8 10 11 13 | 13.5
Dodging        | |  1.7
Stealth        | |  1.7
Transmutations | |  0.8

Action                   |  1- 3 |  4- 6 |  7- 9 | 10-12 || total
-------------------------+-------+-------+-------+-------++-------
Melee: Unarmed           |     4 |       |       |       ||     4
       Spear             |    75 |    77 |    43 |       ||   195
       Dagger            |       |       |   241 |    56 ||   297
       Staff             |       |       |       |    17 ||    17
Throw: Stone             |       |       |       |     1 ||     1
 Cast: Sandblast         |    37 |    55 |    62 |    52 ||   206
       Stone Arrow       |       |    13 |    47 |   128 ||   188
       Lee's Rapid Decon |       |       |    12 |    94 ||   106
       Petrify           |       |       |       |    15 ||    15
Evoke: Wand              |       |       |       |    13 ||    13
       Box of beasts     |       |       |       |     2 ||     2
  Use: Scroll            |       |       |    10 |     8 ||    18
       Potion            |       |       |       |     6 ||     6
 Stab: Sleeping          |     4 |     5 |     3 |     2 ||    14
       Distracted        |       |     1 |     1 |       ||     2
  Eat: Chunk             |     2 |     6 |    12 |    19 ||    39
       Ration            |       |       |     1 |     3 ||     4
Armor: Robe              |     8 |    28 |     1 |    49 ||    86
       Leather armour    |       |       |   106 |    30 ||   136
Dodge: Dodged            |    48 |    83 |   203 |   121 ||   455
